| TOP OF THE 1ST |
|
Cedar Rapids Cardinals batting - Pitching for Clinton Pilots : RHP Richard Patterson
|
|
Pitching: RHP Richard Patterson
|
|
|
Batting: RHB Reggie D Williams
|
0-0: Ball 1-0: Called Strike 1-1: Called Strike 1-2: Strikes out swinging
|
|
Batting: RHB Winston Ficklin
|
0-0: Swinging Strike 0-1: Ground out U3 (Groundball, 13, EV 83.1 MPH)
|
|
Batting: RHB Nehames Bernstine
|
0-0: Ball 1-0: Foul Ball, location: 2F 1-1: Called Strike 1-2: Strikes out swinging, 2-3 out at first.
|
| Top of the 1st over - 0 runs, 0 hits, 0 errors, 0 left on base; Cedar Rapids 0 - Clinton 0 |
| BOTTOM OF THE 1ST |
|
Clinton Pilots batting - Pitching for Cedar Rapids Cardinals : RHP DeVallon Harper
|
|
Pitching: RHP DeVallon Harper
|
|
|
Batting: RHB Danny Chairez
|
0-0: Foul Ball, location: 2F 0-1: Ball 1-1: Ball 2-1: Ground out 5-3 (Groundball, 56S, EV 63.8 MPH)
|
|
Batting: RHB Tom Riley
|
0-0: Ball 1-0: SINGLE (Line Drive, 6M, EV 101.3 MPH)
|
|
Batting: SHB Alan Regier
|
0-0: SINGLE (Groundball, 34S, EV 71.9 MPH) (infield hit) Tom Riley to second
|
|
Batting: RHB Abe Rael
|
0-0: Swinging Strike 0-1: DOUBLE (Groundball, 5L, EV 94.4 MPH) Tom Riley scores Alan Regier to third Runner from 3rd tries for Home, SAFE, no throw by LF
|
|
Batting: RHB Joseph Rietano
|
0-0: Ball 1-0: Foul Ball, location: 2F 1-1: Swinging Strike 1-2: Fly out, F3 (Line Drive, 3, EV 68.8 MPH)
|
|
Batting: RHB Alberto Reyes
|
0-0: Called Strike 0-1: Ball 1-1: Foul Ball, location: 5F, Error on foul ball, E5 1-2: Ball 2-2: Fly out, F9 (Flyball, 9D, EV 95.0 MPH)
|
| Bottom of the 1st over - 2 runs, 3 hits, 1 error, 1 left on base; Cedar Rapids 0 - Clinton 2 |
| TOP OF THE 2ND |
|
Cedar Rapids Cardinals batting - Pitching for Clinton Pilots : RHP Richard Patterson
|
|
Batting: RHB Ronald Grout
|
0-0: Ball 1-0: Foul Ball, location: 2F 1-1: Foul Ball, location: 2F 1-2: Ball 2-2: Ball 3-2: Base on Balls
|
|
Batting: SHB Steve McAllister
|
0-0: Foul Ball, location: 2F 0-1: Swinging Strike 0-2: Ball 1-2: Fly out, F9 (Flyball, 89S, EV 81.3 MPH)
|
|
Batting: RHB Dean Kornacker
|
0-0: Foul Ball, location: 2F 0-1: Foul Ball, location: 2F 0-2: Ball 1-2: Ball 2-2: Grounds into double play, 6-4-3 (Groundball, 6, EV 101.3 MPH)
|
| Top of the 2nd over - 0 runs, 0 hits, 0 errors, 0 left on base; Cedar Rapids 0 - Clinton 2 |
| BOTTOM OF THE 2ND |
|
Clinton Pilots batting - Pitching for Cedar Rapids Cardinals : RHP DeVallon Harper
|
|
Batting: RHB Barry Siebert
|
0-0: Called Strike 0-1: Ball 1-1: Ball 2-1: Foul Ball, location: 2F 2-2: Ground out 6-3 (Groundball, 6, EV 87.5 MPH)
|
|
Batting: LHB Epifano Martinez
|
0-0: Ball 1-0: Ball 2-0: Foul Ball, location: 2F 2-1: Ball 3-1: Base on Balls
|
|
Batting: RHB Mark Parent
|
0-0: Swinging Strike 0-1: Grounds into double play, 6-4-3 (Groundball, 6, EV 78.1 MPH)
|
| Bottom of the 2nd over - 0 runs, 0 hits, 0 errors, 0 left on base; Cedar Rapids 0 - Clinton 2 |
| TOP OF THE 3RD |
|
Cedar Rapids Cardinals batting - Pitching for Clinton Pilots : RHP Richard Patterson
|
|
Batting: SHB Bryan Hoppie
|
0-0: Ball 1-0: Ball 2-0: Called Strike 2-1: Swinging Strike 2-2: Strikes out swinging
|
|
Batting: SHB Duane Johnson
|
0-0: Called Strike 0-1: Foul Ball, location: 2F 0-2: Ball 1-2: Foul Ball, location: 2F 1-2: Strikes out swinging
|
|
Batting: RHB Orlando Ramirez
|
0-0: Ball 1-0: Ball 2-0: Ball 3-0: Swinging Strike 3-1: Called Strike 3-2: Base on Balls
|
|
Batting: RHB Reggie D Williams
|
0-0: Called Strike 0-1: Called Strike 0-2: Ball 1-2: Fielders Choice at 2nd, 5-4 (Groundball, 56, EV 106.9 MPH)
|
| Top of the 3rd over - 0 runs, 0 hits, 0 errors, 1 left on base; Cedar Rapids 0 - Clinton 2 |
| BOTTOM OF THE 3RD |
|
Clinton Pilots batting - Pitching for Cedar Rapids Cardinals : RHP DeVallon Harper
|
|
Batting: RHB Danny Chairez
|
0-0: Ball 1-0: Foul Ball, location: 2F 1-1: Called Strike 1-2: Fly out, F9 (Flyball, 9D, EV 97.5 MPH)
|
|
Batting: RHB Tom Riley
|
0-0: Swinging Strike 0-1: Called Strike 0-2: Ball 1-2: Strikes out swinging
|
|
Batting: SHB Alan Regier
|
0-0: Ball 1-0: Foul Ball, location: 2F 1-1: Ball 2-1: Called Strike 2-2: Foul Ball, location: 2F 2-2: Foul Ball, location: 2F 2-2: Fly out, F8 (Flyball, 89M, EV 77.5 MPH)
|
| Bottom of the 3rd over - 0 runs, 0 hits, 0 errors, 0 left on base; Cedar Rapids 0 - Clinton 2 |
| TOP OF THE 4TH |
|
Cedar Rapids Cardinals batting - Pitching for Clinton Pilots : RHP Richard Patterson
|
|
Batting: RHB Winston Ficklin
|
0-0: Ball 1-0: Ground out 6-3 (Groundball, 6, EV 89.4 MPH)
|
|
Batting: RHB Nehames Bernstine
|
0-0: SINGLE (Line Drive, 78M, EV 96.3 MPH)
|
|
Batting: RHB Ronald Grout
|
0-0: Ball 1-0: Ball 2-0: Swinging Strike 2-1: Fly out, F7 (Flyball, 7D, EV 98.8 MPH)
|
|
Batting: SHB Steve McAllister
|
0-0: Called Strike Nehames Bernstine steals 2nd base (no throw) 0-1: Ball 1-1: Called Strike 1-2: Ball 2-2: Foul Ball, location: 2F 2-2: DOUBLE (Flyball, 89D, EV 107.5 MPH) Nehames Bernstine scores
|
|
Batting: RHB Dean Kornacker
|
0-0: Ball 1-0: Ball 2-0: Called Strike 2-1: Swinging Strike 2-2: Strikes out swinging
|
| Top of the 4th over - 1 run, 2 hits, 0 errors, 1 left on base; Cedar Rapids 1 - Clinton 2 |
| BOTTOM OF THE 4TH |
|
Clinton Pilots batting - Pitching for Cedar Rapids Cardinals : RHP DeVallon Harper
|
|
Batting: RHB Abe Rael
|
0-0: Foul Ball, location: 2F 0-1: Ball 1-1: Ball 2-1: Ball 3-1: SINGLE (Line Drive, 4D, EV 95.6 MPH)
|
|
Batting: RHB Joseph Rietano
|
0-0: Called Strike 0-1: Swinging Strike 0-2: Ball 1-2: Ball 2-2: Strikes out looking
|
|
Batting: RHB Alberto Reyes
|
0-0: DOUBLE (Line Drive, 78XD, EV 100.0 MPH) Abe Rael to third Runner from 3rd tries for Home, SAFE, throw by CF to home
|
|
Batting: RHB Barry Siebert
|
0-0: Fly out, F6 (Line Drive, 6, EV 72.5 MPH)
|
|
Batting: LHB Epifano Martinez
|
0-0: Ball 1-0: Ground out 6-3 (Groundball, 6, EV 78.1 MPH)
|
| Bottom of the 4th over - 1 run, 2 hits, 0 errors, 1 left on base; Cedar Rapids 1 - Clinton 3 |
| TOP OF THE 5TH |
|
Cedar Rapids Cardinals batting - Pitching for Clinton Pilots : RHP Richard Patterson
|
|
Batting: SHB Bryan Hoppie
|
0-0: Ball 1-0: Foul Ball, location: 2F 1-1: Foul Ball, location: 2F 1-2: Foul Ball, location: 2F 1-2: Ball 2-2: Ball 3-2: Strikes out swinging
|
|
Batting: SHB Duane Johnson
|
0-0: Ball 1-0: Ball 2-0: SINGLE (Flyball, 78S, EV 86.9 MPH)
|
|
Batting: RHB Orlando Ramirez
|
0-0: Foul Ball, location: 2F 0-1: Ball 1-1: Called Strike 1-2: Fly out, F9 (Line Drive, 9, EV 98.1 MPH)
|
|
Batting: RHB Reggie D Williams
|
0-0: Ball 1-0: Ball 2-0: Fly out, F7 (Flyball, 7LS, EV 96.9 MPH)
|
| Top of the 5th over - 0 runs, 1 hit, 0 errors, 1 left on base; Cedar Rapids 1 - Clinton 3 |
| BOTTOM OF THE 5TH |
|
Clinton Pilots batting - Pitching for Cedar Rapids Cardinals : RHP DeVallon Harper
|
|
Batting: RHB Mark Parent
|
0-0: Fly out, F8 (Flyball, 8RS, EV 83.1 MPH)
|
|
Batting: RHB Danny Chairez
|
0-0: Ball 1-0: Called Strike 1-1: Ball 2-1: Foul Ball, location: 2F 2-2: Ball 3-2: Strikes out swinging
|
|
Batting: RHB Tom Riley
|
0-0: Called Strike 0-1: Ball 1-1: Ball 2-1: Reached on error, E3 (Groundball, 34, EV 95.0 MPH)
|
|
Batting: SHB Alan Regier
|
0-0: Foul Ball, location: 2F 0-1: Ball 1-1: Fly out, F7 (Flyball, 7LM, EV 103.1 MPH)
|
| Bottom of the 5th over - 0 runs, 0 hits, 1 error, 1 left on base; Cedar Rapids 1 - Clinton 3 |
| TOP OF THE 6TH |
|
Cedar Rapids Cardinals batting - Pitching for Clinton Pilots : RHP Richard Patterson
|
|
Batting: RHB Winston Ficklin
|
0-0: Ball 1-0: Swinging Strike 1-1: Fly out, F8 (Flyball, 8RD, EV 94.4 MPH)
|
|
Batting: RHB Nehames Bernstine
|
0-0: Ball 1-0: Fly out, F8 (Flyball, 8LS, EV 87.5 MPH)
|
|
Batting: RHB Ronald Grout
|
0-0: Fly out, F9 (Flyball, 9D, EV 91.9 MPH)
|
| Top of the 6th over - 0 runs, 0 hits, 0 errors, 0 left on base; Cedar Rapids 1 - Clinton 3 |
| BOTTOM OF THE 6TH |
|
Clinton Pilots batting - Pitching for Cedar Rapids Cardinals : RHP DeVallon Harper
|
|
Batting: RHB Abe Rael
|
0-0: Ground out 1-3 (Groundball, 15, EV 71.9 MPH)
|
|
Batting: RHB Joseph Rietano
|
0-0: Ball 1-0: SINGLE (Groundball, 56S, EV 93.8 MPH)
|
|
Batting: RHB Alberto Reyes
|
0-0: Ball 1-0: Ball 2-0: 2-RUN HOME RUN (Flyball, 7D, EV 104.4 MPH), Distance : 373 ft
|
|
Batting: RHB Barry Siebert
|
0-0: Ball 1-0: Ball 2-0: Ball 3-0: Called Strike 3-1: Foul Ball, location: 2F 3-2: Strikes out swinging
|
|
Batting: LHB Epifano Martinez
|
0-0: Ground out 6-3 (Groundball, 6, EV 82.5 MPH)
|
| Bottom of the 6th over - 2 runs, 2 hits, 0 errors, 0 left on base; Cedar Rapids 1 - Clinton 5 |
| TOP OF THE 7TH |
|
Cedar Rapids Cardinals batting - Pitching for Clinton Pilots : RHP Richard Patterson
|
|
Batting: SHB Steve McAllister
|
0-0: Ground out 3-1 (Groundball, 13, EV 79.4 MPH)
|
|
Batting: RHB Dean Kornacker
|
0-0: Foul Ball, location: 2F 0-1: Ball 1-1: Ground out 2-3 (Groundball, 15S, EV 75.6 MPH)
|
|
Batting: SHB Bryan Hoppie
|
0-0: Ball 1-0: Called Strike 1-1: Foul Ball, location: 2F 1-2: Foul Ball, location: 2F 1-2: Ball 2-2: Ball 3-2: Base on Balls
|
|
Batting: SHB Duane Johnson
|
0-0: Called Strike 0-1: Ball 1-1: Foul Ball, location: 2F 1-2: Strikes out swinging
|
| Top of the 7th over - 0 runs, 0 hits, 0 errors, 1 left on base; Cedar Rapids 1 - Clinton 5 |
| BOTTOM OF THE 7TH |
|
Clinton Pilots batting - Pitching for Cedar Rapids Cardinals : RHP DeVallon Harper
|
|
Pitching: RHP Gerald Busby
|
|
|
Batting: RHB Mark Parent
|
0-0: Called Strike 0-1: Fly out, F7 (Flyball, 7LD, EV 103.8 MPH)
|
|
Batting: RHB Danny Chairez
|
0-0: Swinging Strike 0-1: Foul Ball, location: 2F 0-2: Strikes out swinging
|
|
Batting: RHB Tom Riley
|
0-0: Ball 1-0: Ball 2-0: Called Strike 2-1: Foul Ball, location: 2F 2-2: Fly out, F8 (Flyball, 8LM, EV 71.9 MPH)
|
| Bottom of the 7th over - 0 runs, 0 hits, 0 errors, 0 left on base; Cedar Rapids 1 - Clinton 5 |
| TOP OF THE 8TH |
|
Cedar Rapids Cardinals batting - Pitching for Clinton Pilots : RHP Richard Patterson
|
|
Batting: RHB Orlando Ramirez
|
0-0: Ground out 4-3 (Groundball, 13, EV 79.4 MPH)
|
|
Batting: RHB Reggie D Williams
|
0-0: Ball 1-0: Fly out, F9 (Flyball, 89S, EV 73.8 MPH)
|
|
Batting: RHB Winston Ficklin
|
0-0: Called Strike 0-1: Ball 1-1: Fly out, F7 (Flyball, 7, EV 88.8 MPH)
|
| Top of the 8th over - 0 runs, 0 hits, 0 errors, 0 left on base; Cedar Rapids 1 - Clinton 5 |
| BOTTOM OF THE 8TH |
|
Clinton Pilots batting - Pitching for Cedar Rapids Cardinals : RHP Gerald Busby
|
|
Batting: SHB Alan Regier
|
0-0: Swinging Strike 0-1: DOUBLE (Flyball, 78XD, EV 105.0 MPH)
|
|
Batting: RHB Abe Rael
|
0-0: Ball 1-0: Ball 2-0: Ball 3-0: Called Strike 3-1: Foul Ball, location: 2F 3-2: SINGLE (Line Drive, 9S, EV 93.8 MPH) Alan Regier to third
|
|
Batting: RHB Joseph Rietano
|
0-0: Called Strike 0-1: Ball 1-1: Ball 2-1: Fly out, F6 (Line Drive, 6, EV 73.8 MPH)
|
|
Batting: RHB Alberto Reyes
|
0-0: Called Strike 0-1: Fielders Choice at 2nd, 6-4 (Groundball, 6, EV 90.6 MPH) Alan Regier scores
|
|
Batting: RHB Barry Siebert
|
0-0: Ball 1-0: Foul Ball, location: 2F 1-1: Ball 2-1: Ball 3-1: Base on Balls Alberto Reyes to second
|
|
Batting: LHB Epifano Martinez
|
0-0: Ground out 2-3 (Groundball, 15S, EV 70.0 MPH)
|
| Bottom of the 8th over - 1 run, 2 hits, 0 errors, 2 left on base; Cedar Rapids 1 - Clinton 6 |
| TOP OF THE 9TH |
|
Cedar Rapids Cardinals batting - Pitching for Clinton Pilots : RHP Richard Patterson
|
|
Batting: RHB Nehames Bernstine
|
0-0: Ball 1-0: Called Strike 1-1: Foul Ball, location: 2F 1-2: Strikes out swinging
|
|
Batting: RHB Ronald Grout
|
0-0: Called Strike 0-1: Fly out, F9 (Flyball, 89D, EV 96.3 MPH)
|
|
Batting: SHB Steve McAllister
|
0-0: Foul Ball, location: 2F 0-1: Foul Ball, location: 2F 0-2: Ground out 4-3 (Groundball, 4, EV 108.1 MPH)
|
| Top of the 9th over - 0 runs, 0 hits, 0 errors, 0 left on base; Cedar Rapids 1 - Clinton 6 |
|